 Dungeon Sprint DCSS version 0.20-a0-556-g892c87b (console) character file.

16 sorlin the Ruffian (level 2, -2/26 HPs)
             Began as a Draconian Transmuter on Feb 6, 2017.
             Was an Elder of Cheibriados.
             Slain by Edmund
             ... wielding a +3 dire flail of draining
              (4 damage)
             ... in the Dungeon (Sprint VII: "The Pits").
             The game lasted 00:02:16 (474 turns).

sorlin the Ruffian (Draconian Transmuter)            Turns: 474, Time: 00:02:16

Health: -2/26      AC:  4    Str: 21    XL:     2   Next: 37%
Magic:  3/5        EV: 11    Int: 22    God:    Cheibriados [****..]
Gold:   0          SH:  0    Dex: 20    Spells: 4/5 levels left

rFire    . . .     SeeInvis .     - Unarmed
rCold    . . .     Gourm    .   (armour unavailable)
rNeg     . . .     Faith    .   (no shield)
rPois    .         Spirit   .   (helmet restricted)
rElec    .         Reflect  .   (no cloak)
rCorr    .         Harm     .   (no gloves)
MR       .....     NoTele   +   (no boots)
Stlth    ++........             (no amulet)
Regen    0.1/turn               (no ring)
                                (no ring)

@: very slightly contaminated, heavily drained, invisible, very slow
A: unfitting armour, cold-blooded, AC +4
a: Bend Time, Temporal Distortion, Slouch, Renounce Religion


You were in the Dungeon.
You worshipped Cheibriados.
Cheibriados was greatly pleased with you.
You were not hungry.

You visited 1 branch


Innate Abilities, Weirdness & Mutations

Your plain brown scales are hard. (AC +4)
You cannot fit into any form of body armour.
You are cold-blooded and may be slowed by cold attacks.


   Skills:
 + Level 3.1(1.4) Fighting
 - Level 1.7(0.1) Dodging
 * Level 4.6(2.9) Unarmed Combat
 - Level 2.0(0.3) Spellcasting
 - Level 2.0(0.3) Transmutations
 + Level 1.6(0.0) Invocations


You had 4 spell levels left.
You knew the following spells:

 Your Spells              Type           Power        Failure   Level  Hunger
a - Beastly Appendage     Tmut           #.....       17%         1    ##.....

Inventory:

Missiles
 a - 12 arrows
Scrolls
 i - a scroll of blinking
 k - 3 scrolls of remove curse
 l - a scroll of summoning {!r}
 o - 5 scrolls of amnesia
Potions
 d - a potion of curing
 f - a potion of haste {!q}
 g - 4 potions of magic {!q}
 h - 3 potions of berserk rage {!q}
 j - a potion of invisibility {!q}
Books
 b - a book of Changes

   Spells                             Type                      Level
   a - Beastly Appendage              Transmutation                1
   b - Sticks to Snakes               Transmutation                2
   c - Spider Form                    Transmutation/Poison         3
   d - Ice Form                       Ice/Transmutation            4
   e - Blade Hands                    Transmutation                5
Comestibles
 c - 8 bread rations {!e}
 m - 40 fruits
 n - 7 meat rations {!e}
 p - 4 chunks of flesh


Message History

Edmund barely misses you.
You are very lightly contaminated with residual magic.
You hit Edmund but do no damage. You tail-slap Edmund, but do no damage.
Edmund is lightly wounded.
Edmund is no longer moving slowly.
The kobold throws a stone.
The stone closely misses Edmund.
You barely miss Edmund.
Edmund is lightly wounded.
Edmund closely misses you.
You hit Edmund.
Edmund is moderately wounded.
Edmund hits you but does no damage.
You feel drained.
You catch the helpless Edmund completely off-guard!
You hit Edmund.
Edmund is moderately wounded.
Edmund barely misses you.
You strike the helpless Edmund from behind!
You punch Edmund!
Edmund is heavily wounded.
You hit Edmund. You tail-slap Edmund, but do no damage.
Edmund is severely wounded.
Edmund closely misses you.
You strike the helpless Edmund from behind!
You hit Edmund. You tail-slap Edmund.
Edmund is severely wounded.
You hit the kobold.
You kill the kobold!
Cheibriados appreciates the change of pace.
Your base Fighting skill increases to level 3!
Edmund closely misses you.
You hit Edmund but do no damage.
Edmund is severely wounded.
Edmund misses you.
You strike the helpless Edmund from behind!
You hit Edmund. You tail-slap Edmund, but do no damage.
Edmund is almost dead.
Edmund misses you.
You barely miss Edmund.
Edmund is almost dead.
Edmund hits you with a dire flail of draining!
You feel drained.
You take 12 damage.
You closely miss Edmund.
Edmund is almost dead.
Edmund closely misses you.
You hit Edmund but do no damage.
Edmund is almost dead.
Edmund hits you with a dire flail of draining!
* * * LOW HITPOINT WARNING * * *
You feel drained.
You die...

▓.?(.')))'.▓▓......▓.
▓▓▓▓▓▓▓▓▓▓.▓▓........
▓...........'........
+▓▓▓▓▓'▓▓▓▓▓......▓.
▓..▓).▓ ▓........
▓..'..▓ ▓▓▓▓'▓▓▓▓
▓..▓▓▓▓ ▓.......▓
▓..▓..▓ ▓.......▓
▓..▓@.▓ ▓.......▓
▓▓'▓..▓+▓▓▓...<...▓
▓.@(.....▓▓.......▓
▓.@......▓▓.......▓
▓▓▓▓▓▓▓▓▓▓▓.......▓
▓▓▓▓▓▓▓▓▓


You could see Edmund.

Vanquished Creatures
  2 leopard geckos (D)
  A giant cockroach (D)
  A hobgoblin (D)
  4 jackals (D)
  A kobold (D)
  A ball python (D)
  A frilled lizard (D)
  A rat (D)
12 creatures vanquished.

Notes
Turn   | Place    | Note
-------+----------+-------------------------------------------
     0 | D        | sorlin the Draconian Transmuter began the quest for the Orb.
     0 | D        | Reached XP level 1. HP: 16/16 MP: 3/3
    24 | D        | Found a radiant altar of Vehumet.
    24 | D        | Found a hide-covered altar of Uskayaw.
    24 | D        | Found an ancient bone altar of Kikubaaqudgha.
    24 | D        | Found a viscous altar of Jiyva.
    24 | D        | Found a hazy altar of Hepliaklqana.
    25 | D        | Found a bloodstained altar of Trog.
    25 | D        | Found a deep blue altar of Sif Muna.
    25 | D        | Found a sacrificial altar of Ru.
    25 | D        | Found a stormy altar of Qazlal.
    25 | D        | Found an iron altar of Okawaru.
    25 | D        | Found a sparkling altar of Nemelex Xobeh.
    25 | D        | Found an opulent altar of Gozag.
    25 | D        | Found a blossoming altar of Fedhas.
    25 | D        | Found a white marble altar of Elyvilon.
    25 | D        | Found a shadowy altar of Dithmenos.
    25 | D        | Found a snail-covered altar of Cheibriados.
    26 | D        | Found a glowing golden altar of the Shining One.
    26 | D        | Found a glowing silver altar of Zin.
    27 | D        | Found a roughly hewn altar of Beogh.
    27 | D        | Found a burning altar of Makhleb.
    27 | D        | Found a basalt altar of Yredelemnul.
    28 | D        | Found a shattered altar of Ashenzari.
    28 | D        | Found a corrupted altar of Lugonu.
    28 | D        | Found a shimmering altar of Xom.
    36 | D        | Became a worshipper of Cheibriados the Contemplative
    82 | D        | HP: 5/17 [hobgoblin/club (2)]
    83 | D        | Reached * piety under Cheibriados
    83 | D        | Reached skill level 2 in Fighting
   319 | D        | Reached skill level 4 in Unarmed Combat
   331 | D        | Reached ** piety under Cheibriados
   333 | D        | Reached skill level 1 in Invocations
   333 | D        | Reached XP level 2. HP: 17/25 MP: 1/5
   336 | D        | Reached *** piety under Cheibriados
   448 | D        | Noticed Edmund
   452 | D        | Reached **** piety under Cheibriados
   457 | D        | HP: 6/25 [Edmund/dire flail of draining (3)]
   468 | D        | Reached skill level 3 in Fighting
   474 | D        | HP: 2/26 [Edmund/dire flail of draining (12)]
   474 | D        | Slain by Edmund

Vault maps used:
D:        pitsprint

Action                   || total
-------------------------++-------
Melee: Unarmed           ||    65
       Tailslap          ||    10
Invok: Bend Time         ||     2
  Use: Potion            ||     2
 Stab: Sleeping          ||     1
       Invisible         ||     4
Armor: Skin              ||    12
Dodge: Dodged            ||    38
